 Dungeon Crawl Stone Soup version 0.29.0-4-gdea44cf6ec (webtiles) character file.

Game seed: 17356222233236625738

134 qw the Chopper (level 4, -6/39 HPs)
             Began as a Minotaur Fighter on Sept 8, 2022.
             Mangled by Sigmund
             ... wielding a +0 scythe
              (10 damage)
             ... on level 3 of the Dungeon.
             The game lasted 00:00:58 (2216 turns).

qw the Chopper (Minotaur Fighter)                   Turns: 2216, Time: 00:00:58

Health: -6/39      AC: 10    Str: 21 (23) XL:     4   Next: 95%
Magic:  3/3        EV:  7    Int:  4 (5)  God:
Gold:   89         SH:  4    Dex:  8 (9)  Spells: 3/3 levels left

rFire   . . .      SeeInvis .   Y - +0 war axe
rCold   . . .      Faith    .   c - +0 buckler
rNeg    . . .      Spirit   .   h - +0 chain mail
rPois   .          Reflect  .   (helmet restricted)
rElec   .          Harm     .   (no cloak)
rCorr   .          Rampage  .   j - +0 pair of gloves
Will    .....                   (no boots)
Stlth   ..........              (no amulet)
HPRegen 0.13/turn               (no ring)
MPRegen 0.08/turn               (no ring)

@: no status effects
A: horns 2, retaliatory headbutt
a: no special abilities


You were on level 3 of the Dungeon.
You visited 1 branch of the dungeon, and saw 3 of its levels.

You collected 89 gold pieces.


Innate Abilities, Weirdness & Mutations

You have a pair of horns on your head.
You reflexively headbutt those who attack you in melee.


   Skills:
 - Level 3.6 Fighting
 + Level 6.1 Axes
 - Level 3.6 Armour
 - Level 1.0 Dodging
 - Level 3.6 Shields


You had 3 spell levels left.
You didn't know any spells.
Your spell library was empty.

Inventory:

Hand Weapons
 f - a +0 flail
 Y - a +0 war axe (weapon)
Missiles
 i - 5 boomerangs (quivered)
Armour
 c - a +0 buckler (worn)
 h - a +0 chain mail (worn)
 j - a +0 pair of gloves (worn)
Scrolls
 a - 2 scrolls of identify
 b - 3 scrolls of vulnerability {unknown}
Potions
 d - a potion of might

Dungeon Overview and Level Annotations

Branches:
Dungeon (3/15)

Altars:

Annotations:
D:3 Sigmund


Message History

You closely miss the kobold.
The kobold is moderately wounded.
You barely miss the rat. You closely miss the kobold.
The kobold hits you but does no damage. x2
The rat bites you but does no damage. Something hits you.
You're too confused to move!
The kobold hits you with a +0 short sword.
The rat bites you. The kobold hits you with a +0 dagger.
You closely miss the kobold. Your headbutt misses the kobold.
You slash the rat!
You kill the rat!
You closely miss the kobold. Something hits you but does no damage.
The kobold hits you with a +0 short sword.
The kobold hits you but does no damage.
You're too confused to move!
You feel less confused.
The kobold hits you but does no damage. x2; Something hits you.
You slash the worm!
The worm is heavily wounded.
You hit the kobold.
You kill the kobold!
You hit the kobold.
You kill the kobold!
The worm barely misses you. Something hits you but does no damage.
You slash the worm!
The worm is almost dead.
The worm bites you. Something hits you.
You completely miss the worm.
The worm is almost dead.
The worm bites you.
You hit the worm.
You kill the worm!
Something hits you.
You swing at nothing.
Something hits you but does no damage.
You swing at nothing.
Something hits you.
You swing at nothing.
Something hits you!
You die...

.....##..###.......###
...............#######
.......###..####
..#...#.# ##.#
..#...#.# #.##
........####..####
...!......##.....###
.......)...........#
........@.####.#####
.......)..# .#
..##..${).# .#
#......$..# .#
###.......# .#
#........>.
.............
.............>.
.........>.....


There were no monsters in sight!

Vanquished Creatures
  4 gnolls (D:2)
  3 adders (D:2)
  2 worms
  2 dart slugs
  4 ball pythons
  4 bats
  6 endoplasms
  8 giant cockroaches
  2 goblins (D:2)
  4 hobgoblins (D:1)
  2 jackals (D:1)
  A quokka (D:1)
  2 frilled lizards (D:2)
  8 kobolds
  7 rats
59 creatures vanquished.

Notes
Turn   | Place    | Note
-------+----------+-------------------------------------------
     0 | D:1      | qw the Minotaur Fighter began the quest for the Orb.
     0 | D:1      | Reached XP level 1. HP: 19/19 MP: 0/0
     0 | D:1      | 0 ||| qw: Version: 0.1-a-112-g44dc6cd
     0 | D:1      | 0 ||| qw: Game counter: 6767
     0 | D:1      | 0 ||| qw: Always use a shield: true
     0 | D:1      | 0 ||| qw: God list: Ru
     0 | D:1      | 0 ||| qw: Allow faded altars: false
     0 | D:1      | 0 ||| qw: Do Orc after D:15 true
     0 | D:1      | 0 ||| qw: Do second Lair branch before Depths: true
     0 | D:1      | 0 ||| qw: Lair rune preference: random
     0 | D:1      | 0 ||| qw: Plans: Normal
     0 | D:1      | 0 ||| PLANNING D:1-11
   117 | D:1      | Reached skill level 3 in Axes
   282 | D:1      | 282 ||| Stepping ~*~*~tactically~*~*~ (stealth).
   287 | D:1      | Reached XP level 2. HP: 26/26 MP: 1/1
   691 | D:1      | Reached skill level 4 in Axes
   697 | D:1      | Found a faded altar of an unknown god.
   915 | D:1      | 915 ||| UPGRADING to +0 chain mail.
   925 | D:1      | 925 ||| DROPPING +0 scale mail.
   926 | D:1      | 926 ||| UPGRADING to +0 pair of gloves.
   931 | D:1      | 931 ||| READING 4 scrolls labelled HYSICL QUIGA.
   932 | D:1      | 932 ||| READING scroll labelled SECIDEGYFO.
   937 | D:1      | 937 ||| READING 3 scrolls of identify.
   937 | D:1      | 937 ||| IDENTIFYING brown potion
   938 | D:1      | 938 ||| DROPPING potion of brilliance.
   974 | D:2      | Reached XP level 3. HP: 27/31 MP: 2/2
  1173 | D:2      | 1173 ||| Stepping ~*~*~tactically~*~*~ (hiding).
  1367 | D:2      | Reached skill level 5 in Axes
  1566 | D:2      | 1566 ||| Stepping ~*~*~tactically~*~*~ (stealth).
  1576 | D:2      | 1576 ||| Stepping ~*~*~tactically~*~*~ (stealth).
  1577 | D:2      | 1577 ||| Stepping ~*~*~tactically~*~*~ (stealth).
  1578 | D:2      | 1578 ||| DROPPING +0 mace.
  1619 | D:2      | 1619 ||| Stepping ~*~*~tactically~*~*~ (stealth).
  1627 | D:2      | Reached XP level 4. HP: 39/39 MP: 3/3
  1662 | D:2      | 1662 ||| Stepping ~*~*~tactically~*~*~ (stealth).
  1663 | D:2      | 1663 ||| Stepping ~*~*~tactically~*~*~ (hiding).
  1676 | D:2      | Reached skill level 6 in Axes
  1812 | D:2      | Reached skill level 1 in Dodging
  2002 | D:2      | 2002 ||| READING scroll labelled MOISUE VEIHUES.
  2003 | D:2      | 2003 ||| READING scroll labelled KUMOAT LOTUT.
  2004 | D:2      | 2004 ||| READING scroll labelled NIFOAPN JOATAD.
  2105 | D:2      | 2105 ||| DRINKING 2 glowing coppery potions.
  2106 | D:2      | 2106 ||| READING 3 scrolls of identify.
  2106 | D:2      | 2106 ||| IDENTIFYING grey potion
  2107 | D:2      | 2107 ||| DROPPING potion of degeneration.
  2108 | D:2      | 2108 ||| DROPPING potion of lignification.
  2193 | D:3      | Noticed Sigmund
  2213 | D:3      | HP: 6/39 [something (4)]
  2216 | D:3      | Mangled by Sigmund

Levels and vault maps discovered:
D:1:      heliophobic_arrival_battle_scene, layout_loops_ring,
          hellmonk_ecumenical_altar_zigzags
D:2:      layout_loops_ring, minmay_worlds_worst_comb
D:3:      layout_rooms, minmay_ogre_servants, uniq_sigmund

Skill      XL: |  1  2  3  4 |
---------------+-------------+-----
Axes           | 3 4 5 6 |  6.1
Dodging        | 1 |  1.0
Fighting       | |  3.6
Armour         | |  3.6
Shields        | |  3.6

Action                   |  1- 3 |  4- 6 || total
-------------------------+-------+-------++-------
Melee: War axe           |   118 |    34 ||   152
       Headbutt          |    10 |     3 ||    13
Throw: Boomerang         |     5 |    12 ||    17
  Use: Scroll            |     3 |     4 ||     7
       Potion            |       |     1 ||     1
Armor: Scale mail        |    23 |       ||    23
       Chain mail        |    38 |    41 ||    79
Dodge: Dodged            |    46 |    13 ||    59
Block: Buckler           |    24 |     3 ||    27

Table legend:
 A = Non-vault XP
 B = Vault XP
 C = Vault XP percentage of total XP
 D = Non-vault monster count
 E = Vault monster count
 F = Vault count percentage of total count
                 A         B        C        D         E       F
            +---------+---------+-------+---------+---------+-------
      Total |     188 |       4 |   2.1 |      57 |       2 |   3.4
            +---------+---------+-------+---------+---------+-------
        D:1 |      39 |       0 |   0.0 |      22 |       0 |   0.0
        D:2 |     135 |       4 |   2.9 |      27 |       2 |   6.9
        D:3 |      14 |       0 |   0.0 |       8 |       0 |   0.0
            +---------+---------+-------+---------+---------+-------
